[Event "Team 45 45 League T55"]
[Site "Internet Chess Club"]
[Date "2012.12.21"]
[Round "6"]
[White "charles-allen"]
[Black "kidviper"]
[Result "1-0"]
[WhiteElo "1904"]
[BlackElo "1899"]
[Opening "Sicilian: Alapin's variation (2.c3)"]
[ECO "B22"]
[Time "10:08:20"]
[TimeControl "2700+45"]

1. e4 c5 2. c3 Nf6 3. e5 Nd5 4. d4 cxd4 5. Qxd4 e6 6. Nf3 Nc6 7. Qe4 d6 8. Bb5
Bd7 9. c4 Nb6 10. Bg5 Be7 11. Bxe7 Qxe7 12. exd6 Qxd6 13. Nc3 O-O 14. O-O a6 15.
Rfd1 Qe7 16. Ba4 Rfd8 17. Bc2 f5 18. Qe2 Rac8 19. Rd2 Be8 20. Rad1 Rxd2 21. Rxd2
Rd8 22. Rxd8 Nxd8 23. Bxf5 Qc5 24. Bxe6+ Nxe6 25. Qxe6+ Bf7 26. Qe4 Bxc4 27.
Qxb7 Bd5 28. Qb8+ Nc8 29. Qg3 Bxa2 30. Nxa2 Qc2 31. h3 Qb1+ 32. Kh2 Qxa2 33. Qc7
Qe6 34. Qd8+ Kf7 35. Ng5+ Kg6 36. Nxe6 Na7 37. Qe7 h6 38. g4 Nc6 39. Qxg7#
{Black checkmated} 1-0

[Event "Team 45 45 League T55"]
[Site "Internet Chess Club"]
[Date "2012.12.22"]
[Round "6"]
[White "hewdondada"]
[Black "j65536d"]
[Result "1/2-1/2"]
[WhiteElo "1781"]
[BlackElo "1891"]
[Opening "Trompowsky attack (Ruth, Opocenský opening)"]
[ECO "A45"]
[Time "20:00:14"]
[TimeControl "2700+45"]

1. d4 Nf6 2. Bg5 Ne4 3. Bf4 d5 4. f3 Nd6 5. e4 dxe4 6. Nc3 e3 7. Bxe3 g6 8. Bd3
Bg7 9. Nge2 O-O 10. O-O Nc6 11. a3 Nf5 12. Bxf5 Bxf5 13. Ne4 e5 14. d5 Ne7 15.
c4 Bd7 16. Qc2 b5 17. b3 Nf5 18. Bf2 Nd6 19. c5 Nf5 20. Rad1 Qc8 21. c6 Be8 22.
Bc5 f6 23. Bxf8 Kxf8 24. Qc5+ Kg8 25. Qxb5 Ne3 26. b4 Rb8 27. Qc5 Nxf1 28. Kxf1
f5 29. Ng5 Bf6 30. Ne6 Bf7 31. Qxa7 Bxe6 32. dxe6 Ra8 33. Qb7 Qxb7 34. cxb7 Rb8
35. Nc3 Rxb7 36. Nd5 Bg5 37. Ke2 Kf8 38. Rd3 c6 39. Nc3 Ke7 40. Na4 Ra7 41. Nc5
Bc1 42. a4 Bb2 43. Rd7+ Rxd7 44. exd7 Bc3 45. b5 cxb5 46. axb5 Bb4 47. Na6 Ba5
48. Kd3 Kxd7 49. Kc4 Kd6 50. Nc5 Bb6 51. Nb7+ Kc7 52. Nc5 Kd6 53. Na4 Bg1 54. h3
e4 55. fxe4 fxe4 56. Nc3 e3 57. Kd3 Kc5 58. Nd1 Kxb5 59. Nxe3 Kc5 60. Ke4 Bxe3
61. Kxe3 Kd5 62. Kf4 h6 63. Kf3 Ke5 64. g3 h5 65. Ke3 g5 66. Kf3 h4 67. gxh4
gxh4 68. Kg4 Kf6 69. Kxh4 Kg6 70. Kg4 Kh6 71. h4 Kg6 72. h5+ Kh6 73. Kh4 Kg7 74.
Kg5 Kh7 75. Kf5 Kh6 76. Kg4 Kh7 77. Kh4 Kh6 78. Kg4 Kh7 79. Kg5 Kg7 80. Kg4 Kh6
81. Kh4 Kh7 82. Kg5 Kg7 {Game drawn by mutual agreement} 1/2-1/2

[Event "Team 45 45 League T55"]
[Site "Internet Chess Club"]
[Date "2012.12.20"]
[Round "6"]
[White "ChessicalZ"]
[Black "RamRock"]
[Result "1/2-1/2"]
[WhiteElo "1864"]
[BlackElo "1802"]
[Opening "English: Anglo-Dutch defense"]
[ECO "A10"]
[Time "09:05:41"]
[TimeControl "2700+45"]

1. c4 f5 2. g3 Nf6 3. Bg2 e5 4. d4 d6 5. Nc3 Be7 6. Nf3 e4 7. Ng5 c6 8. f3 d5 9.
O-O O-O 10. b3 Na6 11. Nh3 Nc7 12. Bg5 Ne6 13. Bxf6 Bxf6 14. e3 dxc4 15. fxe4
Nxd4 16. Rc1 Nb5 17. Nxb5 cxb5 18. bxc4 fxe4 19. Qd5+ Qxd5 20. cxd5 Bxh3 21.
Bxh3 Bg5 22. Be6+ Kh8 23. Rc3 b4 24. Rb3 a5 25. a4 g6 26. Rf2 Kg7 27. Kf1 Rxf2+
28. Kxf2 Bf6 29. Rb1 Rb8 30. Ke2 b5 31. axb5 Rxb5 32. Kd2 Kf8 33. Kc2 Ke7 34.
Kb3 Rc5 35. Ka4 Kd6 36. Rf1 Ke7 37. Rf2 h6 38. Rf4 Rc2 39. h3 b3 40. Kxb3 Rc3+
41. Ka4 Rxe3 42. Kxa5 g5 43. Rf2 Rxg3 44. Kb5 Rc3 45. Kb4 Rf3 46. Re2 e3 47. Kc4
Rf4+ 48. Kd3 Bd4 49. Rc2 Bb6 50. Rb2 Rd4+ 51. Ke2 Bc5 52. Rc2 Rd2+ 53. Rxd2 exd2
54. Kxd2 Kd6 55. Ke2 Ke5 56. Kf3 Kf6 {Game drawn by mutual agreement} 1/2-1/2

[Event "Team 45 45 League T55"]
[Site "Internet Chess Club"]
[Date "2012.12.21"]
[Round "6"]
[White "kidcobra"]
[Black "PJ"]
[Result "1-0"]
[WhiteElo "1759"]
[BlackElo "1665"]
[Opening "Ruy Lopez: closed"]
[ECO "C90"]
[Time "14:02:20"]
[TimeControl "2700+45"]

1. e4 e5 2. Nf3 Nc6 3. Bb5 a6 4. Ba4 Nf6 5. O-O Be7 6. Re1 b5 7. Bb3 d6 8. c3
Na5 9. Bc2 c5 10. d4 Qc7 11. Be3 Nc4 12. b3 Nxe3 13. Rxe3 Bg4 14. d5 h6 15. h3
Bd7 16. c4 b4 17. a3 a5 18. axb4 cxb4 19. Nbd2 O-O 20. Nf1 Nh7 21. Ng3 g6 22.
Rd3 Kg7 23. Nxe5 f6 24. Nxd7 Qxd7 25. f4 Bd8 26. f5 g5 27. Qh5 Bb6+ 28. Kh1 Qe8
29. Qxe8 Rfxe8 30. Rd2 Nf8 31. Nh5+ Kf7 32. g4 Nd7 33. Kg2 Ne5 34. Ng3 Rh8 35.
Re2 Bd4 36. Ra4 Nd7 37. Ra2 Nc5 38. Nf1 h5 39. gxh5 Rxh5 40. Nh2 Rah8 41. Nf3
Bc3 42. Re3 Ke7 43. Rxa5 Rxh3 44. Ra7+ Nd7 45. Rxd7+ Kxd7 46. Ne5+ Bxe5 47. Rxh3
Rh4 48. Rxh4 gxh4 49. Kh3 Kc7 50. Kxh4 Kb6 51. Kg4 Kc5 52. Kf3 Kd4 53. Ke2 Kc3
54. Bd1 Bd4 55. Ke1 Kd3 56. Bf3 Be3 57. e5 fxe5 58. f6 Bg5 59. f7 Be7 60. Bd1 e4
61. Kf2 Kd2 62. Be2 Kc2 63. Ke3 Kxb3 64. Kxe4 Kc3 65. c5 dxc5 66. Ke5 b3 67. Bg4
Kb4 68. d6 {Black resigns} 1-0

[Event "Team 45 45 League T55"]
[Site "Internet Chess Club"]
[Date "2012.12.22"]
[Round "6"]
[White "frank001"]
[Black "Archdruid"]
[Result "0-1"]
[WhiteElo "1664"]
[BlackElo "1608"]
[Opening "Benkö gambit"]
[ECO "A57"]
[Time "23:27:19"]
[TimeControl "2700+45"]

1. d4 Nf6 2. c4 c5 3. d5 b5 4. Qc2 bxc4 5. e4 d6 6. Bxc4 g6 7. Nf3 Bg7 8. O-O
O-O 9. h3 Ba6 10. Nbd2 Qb6 11. Rb1 Bxc4 12. Nxc4 Qa6 13. b3 Nbd7 14. Re1 Nb6 15.
e5 Ne8 16. exd6 exd6 17. Nxb6 axb6 18. a4 Nf6 19. Rd1 Qb7 20. Qd3 Rfe8 21. Bb2
Re7 22. Rd2 Rae8 23. Rbd1 Re4 24. Qb5 Rc8 25. Ng5 Re7 26. Rd3 Re2 27. Bc3 h6 28.
Bxf6 Bxf6 29. Rf3 Re5 30. Rxf6 Rxg5 31. Rxd6 Qe7 32. Rxb6 Qe4 33. Qf1 Rxd5 34.
Rxd5 Qxd5 35. Qc4 Qf5 36. Rb5 Qe5 37. f4 Qe3+ 38. Kh2 Rd8 39. Rb7 Rf8 40. a5 g5
41. a6 gxf4 42. a7 Qe5 43. Rxf7 f3+ 44. Rf4+ Kg7 45. g3 Qb2+ {White resigns} 0-1

[Event "Team 45 45 League T55"]
[Site "Internet Chess Club"]
[Date "2012.12.23"]
[Round "6"]
[White "Egmont"]
[Black "FlyingTiger"]
[Result "0-1"]
[WhiteElo "1627"]
[BlackElo "1753"]
[Opening "Sicilian defense"]
[ECO "B20"]
[Time "09:00:23"]
[TimeControl "2700+45"]

1. e4 c5 2. d3 g6 3. g3 Bg7 4. Bg2 Nc6 5. Nf3 d6 6. O-O e6 7. Nbd2 Nge7 8. Re1
O-O 9. a4 Bd7 10. Nc4 Na5 11. Nxd6 e5 12. Bd2 Be6 13. Bxa5 Qxa5 14. Nc4 Bxc4 15.
dxc4 Rad8 16. Qe2 Nc6 17. b3 Nd4 18. Red1 Nxe2+ {White resigns} 0-1

[Event "Team 45 45 League T55"]
[Site "Internet Chess Club"]
[Date "2012.12.26"]
[Round "6"]
[White "Portola"]
[Black "zigzag2002"]
[Result "0-1"]
[WhiteElo "1782"]
[BlackElo "1910"]
[Opening "Queen's pawn game"]
[ECO "D02"]
[Time "20:02:15"]
[TimeControl "2700+45"]

1. d4 d5 2. Nf3 e6 3. Bf4 c5 4. c3 Nc6 5. e3 Nf6 6. Bd3 Qb6 7. Qb3 c4 8. Qxb6
axb6 9. Bc2 b5 10. Nbd2 Bd7 11. h3 b4 12. O-O Be7 13. Ne5 O-O 14. Ndf3 bxc3 15.
bxc3 Ra3 16. Rfc1 Rfa8 17. Bg5 Be8 18. Rab1 R8a7 19. Nxc6 Bxc6 20. Ne5 Be8 21.
Rb2 Rxa2 22. Rcb1 b5 23. f3 Rxb2 24. Rxb2 Ra3 25. e4 Rxc3 26. exd5 Nxd5 27. Bxe7
Nxe7 28. Ra2 f6 29. Ng4 b4 30. Bd1 Rc1 31. Nf2 b3 32. Ra8 Kf7 33. Rb8 c3 34.
Rxb3 c2 35. Rd3 Ba4 36. Kh2 cxd1=Q 37. Nxd1 Rxd1 {White resigns} 0-1

[Event "Team 45 45 League T55"]
[Site "Internet Chess Club"]
[Date "2012.12.28"]
[Round "6"]
[White "NAN"]
[Black "QueensCounselor"]
[Result "1/2-1/2"]
[WhiteElo "2026"]
[BlackElo "2076"]
[Opening "Grünfeld: modern exchange variation"]
[ECO "D85"]
[Time "07:35:51"]
[TimeControl "2700+45"]

1. d4 Nf6 2. c4 g6 3. Nc3 d5 4. cxd5 Nxd5 5. e4 Nxc3 6. bxc3 Bg7 7. Nf3 c5 8.
Rb1 O-O 9. Be2 cxd4 10. cxd4 Qa5+ 11. Bd2 Qxa2 12. O-O b6 13. Qc1 Bb7 14. Bc4
Qa4 15. Bb5 Qa2 16. d5 Rc8 17. Qd1 Ba6 18. Qe2 Bxb5 19. Qxb5 Qa6 20. Rfd1 {Game
drawn by mutual agreement} 1/2-1/2

[Event "Team 45 45 League T55"]
[Site "Internet Chess Club"]
[Date "2012.12.23"]
[Round "6"]
[White "fledermaus"]
[Black "CHENENE"]
[Result "1-0"]
[WhiteElo "2001"]
[BlackElo "1596"]
[Opening "Richter-Veresov attack, Richter variation"]
[ECO "D01"]
[Time "10:42:44"]
[TimeControl "2700+45"]

1. d4 Nf6 2. Nc3 d5 3. Bg5 Bf5 4. f3 h6 5. Bh4 c6 6. Qd2 e6 7. e3 Be7 8. Bf2
Nbd7 9. Nge2 O-O 10. Ng3 Bg6 11. Bd3 Bxd3 12. cxd3 c5 13. dxc5 Nxc5 14. d4 Ncd7
15. O-O Rc8 16. Rac1 Qa5 17. Be1 Rc4 18. Qd3 Qb6 19. b3 Rc6 20. Na4 Qc7 21. Rxc6
Qxc6 22. Bd2 b5 23. Nb2 a6 24. Rc1 Qb7 25. Ba5 Rc8 26. Rxc8+ Qxc8 27. Qd2 Ba3
28. Nd3 Qc6 29. Bb4 Bxb4 30. Nxb4 Qd6 31. Nd3 Qa3 32. Qb2 Qxb2 33. Nxb2 Kf8 34.
Kf2 Ke7 35. e4 Kd8 36. e5 Ne8 37. Nh5 g6 38. Nf4 Kc7 39. Ke3 Kb6 40. b4 Kc6 41.
Nfd3 Nc7 42. Nc5 Nxc5 43. dxc5 a5 44. a3 axb4 45. axb4 Na6 46. Nd3 Kd7 47. Kd4
Nb8 48. f4 Nc6+ 49. Kc3 Ke7 50. Ne1 f6 51. exf6+ Kxf6 52. Nf3 Ke7 53. Nd4 Nxd4
54. Kxd4 h5 55. g3 Kd7 56. h3 Kc7 57. Ke5 Kd7 58. g4 h4 59. f5 exf5 60. gxf5 g5
61. f6 g4 62. c6+ Kxc6 63. f7 gxh3 64. f8=Q h2 {Black resigns} 1-0

[Event "Team 45 45 League T55"]
[Site "Internet Chess Club"]
[Date "2012.12.23"]
[Round "6"]
[White "Wholebrain"]
[Black "Drekov"]
[Result "0-1"]
[WhiteElo "1944"]
[BlackElo "1891"]
[Opening "QGD Slav: Slav gambit"]
[ECO "D15"]
[Time "08:30:17"]
[TimeControl "2700+45"]

1. d4 d5 2. c4 c6 3. Nc3 Nf6 4. Nf3 dxc4 5. e4 b5 6. a3 Bg4 7. Be2 e6 8. O-O Be7
9. Be3 a6 10. b3 cxb3 11. Qxb3 O-O 12. Rfd1 Nbd7 13. h3 Bh5 14. Rac1 Rc8 15. d5
cxd5 16. exd5 Nc5 17. Qa2 Qd6 18. dxe6 Qxe6 19. Qb2 Qb3 20. Qa1 Ne6 21. g4 Bg6
22. Nb1 Nd5 23. Nbd2 Qxa3 24. Qxa3 Bxa3 25. Ra1 Nxe3 26. fxe3 Rc3 27. Kf2 Bc5
28. Nf1 b4 29. Rxa6 b3 30. N3d2 b2 31. Ra5 Rb8 32. Nb1 Rc1 33. Nfd2 Nf4 34. Rxc5
Nxe2 35. Kxe2 Rxc5 36. e4 Re8 37. Na3 Rc1 38. Re1 Bxe4 39. Kf2 Rxe1 40. Kxe1
b1=Q+ 41. Naxb1 Bxb1+ 42. Kf2 Bd3 43. Nf3 Re2+ 44. Kg3 Be4 45. Ng5 Bd5 46. h4 h6
47. Nh3 Re3+ 48. Kh2 Rxh3+ 49. Kxh3 g5 50. hxg5 hxg5 51. Kg3 Kg7 52. Kf2 Kf6 53.
Ke3 Ke5 54. Kd3 Kf4 55. Kd4 Kxg4 56. Ke5 Kf3 57. Kf6 g4 58. Kg7 g3 59. Kf6 g2
60. Ke5 g1=R 61. Kf6 Rg6+ 62. Ke7 f5 63. Kf8 Kf4 64. Ke7 Ke5 65. Kd7 Bh1 66. Kc7
Kd5 67. Kd8 Rg7 68. Ke8 Kd6 69. Kf8 Re7 70. Kg8 Ke6 71. Kh8 Rf7 72. Kg8 Kf6 73.
Kh8 Kg6 74. Kg8 Rf6 75. Kh8 {White resigns} 0-1

[Event "Team 45 45 League T55"]
[Site "Internet Chess Club"]
[Date "2012.12.20"]
[Round "6"]
[White "Barrett-CCSCSL"]
[Black "TerryMalloy"]
[Result "1-0"]
[WhiteElo "2125"]
[BlackElo "1984"]
[Opening "Queen's pawn game"]
[ECO "D04"]
[Time "23:13:21"]
[TimeControl "2700+45"]

1. d4 Nf6 2. Nf3 d5 3. e3 g6 4. Be2 Bg7 5. O-O O-O 6. b3 c5 7. Bb2 cxd4 8. Bxd4
Nc6 9. Bb2 Re8 10. Nbd2 e5 11. c4 Bf5 12. cxd5 Nxd5 13. e4 Nf4 14. exf5 e4 15.
Bxg7 exf3 16. Bxf3 Kxg7 17. fxg6 hxg6 18. g3 Ne6 19. Re1 Qd7 20. Nc4 Ncd4 21.
Bg2 Rad8 22. Ne5 Qd6 23. h4 Qb6 24. Ng4 Nf5 25. Qf3 Ned4 26. Qxb7 Nxg3 27. Qxb6
Nge2+ 28. Kf1 axb6 29. Rad1 {Black resigns} 1-0

[Event "Team 45 45 League T55"]
[Site "Internet Chess Club"]
[Date "2012.12.25"]
[Round "6"]
[White "chsrules88"]
[Black "Epcot"]
[Result "0-1"]
[WhiteElo "1993"]
[BlackElo "2071"]
[Opening "French: advance, Milner-Barry gambit"]
[ECO "C02"]
[Time "11:37:51"]
[TimeControl "2700+45"]

1. e4 e6 2. d4 d5 3. e5 c5 4. c3 Qb6 5. Nf3 Nc6 6. Bd3 cxd4 7. cxd4 Bd7 8. Bc2
Rc8 9. Nc3 f6 10. O-O Nb4 11. Bb1 fxe5 12. Nxe5 Nf6 13. Bg5 Be7 14. Bxf6 Bxf6
15. Qh5+ Kd8 16. Nf7+ Ke7 17. Nxh8 Rxh8 18. a3 Nc6 19. Re1 Kd8 20. Na4 Qxd4 21.
Bc2 Rf8 22. Qe2 Qh4 23. g3 Qh3 24. Qf1 Qh6 25. f4 g5 26. fxg5 Bd4+ 27. Kg2 Rxf1
28. gxh6 Rf2+ 29. Kh3 e5+ 30. g4 Rxc2 31. Rf1 Ne7 32. Nc3 Ng6 33. Nxd5 Bc6 34.
Nb4 Bg2+ 35. Kg3 Re2 36. Rf7 Be4 37. Rd1 Re3+ 38. Kf2 Rf3+ {White resigns} 0-1

[Event "Team 45 45 League T55"]
[Site "Internet Chess Club"]
[Date "2012.12.28"]
[Round "6"]
[White "room-matt"]
[Black "cyborg86"]
[Result "1/2-1/2"]
[WhiteElo "1795"]
[BlackElo "1748"]
[Opening "French: Winawer, advance, Bogolyubov variation"]
[ECO "C17"]
[Time "14:32:10"]
[TimeControl "2700+45"]

1. e4 e6 2. d4 d5 3. Nc3 Bb4 4. e5 c5 5. Bd2 Ne7 6. f4 Nbc6 7. dxc5 Bxc5 8. Nf3
a6 9. Bd3 Bd7 10. Na4 Ba7 11. Ng5 h5 12. Nh7 g6 13. Nf6+ Kf8 14. Nc3 Kg7 15. Ne2
Qb6 16. Rf1 Rad8 17. b3 Ng8 18. Nxd7 Rxd7 19. Bc3 Nh6 20. h3 Qc7 21. Qd2 Bc5 22.
Bb2 Nb4 23. a3 Nxd3+ 24. cxd3 Qb6 25. d4 Be7 26. b4 Rc8 27. g3 Rdc7 28. Rc1 Rc4
29. Rf3 R8c6 30. Rfc3 Qc7 31. Kd1 b5 32. Ba1 a5 33. Rxc4 Rxc4 34. bxa5 Bxa3 35.
Rb1 b4 36. Rb3 Qxa5 37. Qd3 Qa4 38. Ke1 Ng8 39. Kf2 Ne7 40. g4 h4 41. Kf3 Nc6
42. f5 Na5 43. f6+ Kh7 44. Rb1 b3 45. Bb2 Bxb2 46. Rxb2 Rc2 47. Rb1 Nc4 48. Kf4
Qa2 49. Rxb3 Rxe2 50. Rb7 Kh6 51. g5+ Kh7 52. Rxf7+ Kh8 53. Rf8+ Kh7 54. Rf7+
Kh8 55. Rf8+ Kh7 {Game drawn by mutual agreement} 1/2-1/2

[Event "Team 45 45 League T55"]
[Site "Internet Chess Club"]
[Date "2012.12.23"]
[Round "6"]
[White "Justi"]
[Black "primerpaso"]
[Result "1/2-1/2"]
[WhiteElo "2062"]
[BlackElo "1928"]
[Opening "Sicilian: Najdorf, Opocensky variation"]
[ECO "B92"]
[Time "18:00:23"]
[TimeControl "2700+45"]

1. e4 c5 2. Nf3 d6 3. d4 cxd4 4. Nxd4 Nf6 5. Nc3 a6 6. Be2 e5 7. Nb3 Be6 8. O-O
Nbd7 9. a4 Rc8 10. Kh1 Be7 11. f3 O-O 12. Be3 h6 13. Rf2 Nc5 14. Bf1 Nxb3 15.
cxb3 d5 16. exd5 Nxd5 17. Nxd5 Qxd5 18. Rd2 Qa5 19. Bc4 Bxc4 20. bxc4 Rxc4 21.
Rd7 Rc7 22. Rxc7 Qxc7 23. Rc1 Qd6 24. Qb3 Qb4 25. Qxb4 Bxb4 26. Rc7 Rd8 27. h3
b5 28. axb5 axb5 29. Rb7 Rd5 30. Kg1 Bc5 31. Bxc5 Rxc5 32. b4 Rd5 33. Kf2 f6 34.
Ke3 Kh7 35. h4 h5 36. g3 Kg6 37. Rb8 Kf5 38. Rb6 g5 39. hxg5 Kxg5 40. Rb8 Kf5
41. Rb6 Kg6 42. Rb7 Kg5 43. Rb6 f5 44. Rb8 Kg6 45. Rb6+ Kg5 46. Rb8 Kf6 47. Rb6+
Ke7 48. Rb7+ Kf6 49. Rb6+ Kg5 50. Rb8 Kf6 51. Rb6+ {Game drawn by repetition}
1/2-1/2

[Event "Team 45 45 League T55"]
[Site "Internet Chess Club"]
[Date "2012.12.22"]
[Round "6"]
[White "cesaralexander"]
[Black "chess09"]
[Result "1-0"]
[WhiteElo "1953"]
[BlackElo "1970"]
[Opening "QGD Slav: exchange variation, 6.Bf4 Bf5"]
[ECO "D14"]
[Time "22:00:06"]
[TimeControl "2700+45"]

1. d4 d5 2. c4 c6 3. Nf3 Nf6 4. cxd5 cxd5 5. Nc3 Nc6 6. Bf4 Bf5 7. e3 e6 8. Bb5
Bd6 9. Bg3 O-O 10. Qa4 Qc7 11. Bxd6 Qxd6 12. O-O a6 13. Bxc6 bxc6 14. Qa5 Nd7
15. Na4 Rfb8 16. Rac1 Bd3 17. Rfe1 Bb5 18. Nc5 Nxc5 19. Rxc5 f6 20. Rec1 e5 21.
b3 Rc8 22. Qc3 e4 23. Ne1 Rab8 24. Nc2 Rb6 25. a4 Be2 26. Nb4 Rcb8 27. Nxc6 Rxb3
28. Qa5 R8b6 29. Qe1 Bd3 30. Qd1 Rb1 31. Na5 Kf7 32. Qh5+ Ke7 33. Rc8 Rxc1+ 34.
Rxc1 Qa3 35. Qd1 Kd6 36. h3 Qxc1 37. Qxc1 Rb1 38. Nb7+ Ke7 39. Qxb1 Bxb1 40. Nc5
Bd3 41. Nxd3 exd3 42. Kf1 Kd6 43. Ke1 Kc6 44. Kd2 Kb6 45. Kxd3 Ka5 46. e4 dxe4+
47. Kc4 Kxa4 48. d5 Ka5 49. Kc5 Ka4 50. d6 Kb3 51. d7 a5 52. d8=Q a4 53. Qd1+
Ka3 54. Kb5 Kb2 55. Qxa4 Kc3 56. Qxe4 Kd2 57. Kc4 Kd1 58. Kd3 Kc1 59. Qe2 Kb1
60. Kc3 Ka1 61. Qb2# {Black checkmated} 1-0

[Event "Team 45 45 League T55"]
[Site "Internet Chess Club"]
[Date "2012.12.23"]
[Round "6"]
[White "Marcosm06"]
[Black "CaoCao"]
[Result "1/2-1/2"]
[WhiteElo "1697"]
[BlackElo "1863"]
[Opening "two knights defense: Paoli variation"]
[ECO "C58"]
[Time "18:05:47"]
[TimeControl "2700+45"]

1. e4 e5 2. Nf3 Nc6 3. Bc4 Nf6 4. Ng5 d5 5. exd5 Na5 6. Bb5+ c6 7. dxc6 bxc6 8.
Qf3 Qc7 9. Bd3 Bd6 10. Nc3 Bg4 11. Qe3 Nd5 12. Qe4 Nf6 13. Qe3 h6 14. Nge4 Nxe4
15. Nxe4 O-O 16. Nxd6 Qxd6 17. a3 e4 18. Be2 Bxe2 19. Qxe2 Qd5 20. O-O Rae8 21.
b3 f5 22. Bb2 f4 23. Qg4 Rf7 24. Rad1 h5 25. Qh3 Qg5 26. d3 e3 27. fxe3 Rxe3 28.
Rf3 Re2 29. Rf2 Rxf2 30. Kxf2 Qc5+ 31. Kf1 f3 32. gxf3 Qxc2 33. Re1 Qxd3+ 34.
Kf2 Qc2+ 35. Re2 Qc5+ 36. Kf1 Nxb3 37. Re8+ Kh7 38. Re5 Qc4+ 39. Kf2 Qc2+ 40.
Kg3 Qg6+ 41. Kf2 Qc2+ 42. Kg3 Qg6+ 43. Kf2 Qc2+ 44. Kg3 {Game drawn by
repetition} 1/2-1/2

[Event "Team 45 45 League T55"]
[Site "Internet Chess Club"]
[Date "2012.12.27"]
[Round "6"]
[White "QuieroAprender"]
[Black "jps7"]
[Result "1-0"]
[WhiteElo "1674"]
[BlackElo "1653"]
[Opening "Queen's pawn game"]
[ECO "D02"]
[Time "18:36:21"]
[TimeControl "2700+45"]

1. d4 d5 2. Nf3 e6 3. Bf4 Bd6 4. Bxd6 cxd6 5. e3 Nf6 6. Bb5+ Nbd7 7. O-O O-O 8.
h3 a6 9. Bd3 b6 10. c3 Bb7 11. Qc2 Ne4 12. Nbd2 f5 13. Ne1 a5 14. f3 Ng3 15. Rf2
Qg5 16. f4 Qg6 17. Rf3 Nf6 18. Kh2 Nge4 19. Be2 Qh6 20. Nxe4 fxe4 21. Rg3 Nh5
22. Rg5 Nf6 23. Qd1 g6 24. Qb3 Nd7 25. Bg4 Rae8 26. Qa3 Re7 27. Qxd6 Rfe8 28.
Bxe6+ Rxe6 29. Qxd7 R8e7 30. Qb5 Qh4 31. Qe2 Kf7 32. Re5 Rxe5 33. dxe5 Bc8 34.
Nc2 h5 35. Nd4 Bd7 36. c4 dxc4 37. Qxc4+ Kg7 38. e6 Qf2 39. exd7 Rxd7 40. Qc3 h4
41. Ne6+ Kf7 42. Ng5+ Ke7 43. Nxe4 Qe2 44. Qf6+ Ke8 45. Qxg6+ Kd8 46. Qxb6+ Kc8
47. Rc1+ {Black resigns} 1-0

[Event "Team 45 45 League T55"]
[Site "Internet Chess Club"]
[Date "2012.12.22"]
[Round "6"]
[White "MaartenKoning"]
[Black "qlwqznzn"]
[Result "1/2-1/2"]
[WhiteElo "2282"]
[BlackElo "2271"]
[Opening "French: advance, Paulsen attack"]
[ECO "B22"]
[Time "07:01:53"]
[TimeControl "2700+45"]

1. e4 c5 2. c3 e6 3. d4 d5 4. e5 Nc6 5. Nf3 Qb6 6. a3 Nh6 7. b4 cxd4 8. cxd4 Nf5
9. Bb2 h5 10. Bd3 g6 11. O-O Bd7 12. Bxf5 gxf5 13. Nc3 Ne7 14. Na4 Qc6 15. Nc5
b6 16. Nd3 Ng6 17. a4 Rc8 18. Rc1 Qb7 19. b5 Rc4 20. Nd2 Rxc1 21. Bxc1 a6 22.
Qb3 axb5 23. axb5 Be7 24. Nb1 O-O 25. Ba3 Bxa3 26. Nxa3 Ra8 27. Nb4 Ra5 28. Nbc2
Qc8 29. Rb1 Qe8 30. Qd3 Kg7 31. h3 f6 32. exf6+ Kxf6 33. Rb3 f4 34. Qf3 h4 35.
Qd3 e5 36. dxe5+ Qxe5 37. Qd2 Ra4 38. Rd3 Ne7 39. Rd4 Rxd4 40. Nxd4 Nf5 41. Nac2
Qe4 42. Qc3 Nxd4 43. Nxd4 Kg6 44. Qc7 Qxd4 45. Qxd7 Qa1+ 46. Kh2 Qe5 47. Qg4+
Kf7 48. Qxh4 d4 49. Qh7+ Kf8 50. Qd3 Ke7 51. Qf3 Qd6 52. Qe4+ Kd7 53. Qd3 Qe5
54. h4 Kd6 55. g3 fxg3+ 56. fxg3 Kc5 57. Kg2 Qd5+ 58. Kf2 Qf7+ 59. Ke2 Qe6+ 60.
Kd2 Qh3 61. Kc2 Qg2+ 62. Qd2 Qe4+ 63. Qd3 Qg2+ 64. Kb3 Qd5+ 65. Kb2 Qh5 66. Ka3
Qh6 67. Ka4 Qh5 68. Qc2+ Kd5 69. Kb4 Ke5 70. Qd3 Qh6 71. Kc4 Qe6+ 72. Kb4 Qh6
73. Kb3 Qe6+ 74. Kb2 Qg4 75. Kc2 Kd5 76. Qb3+ Kc5 77. Kd2 Qh3 78. Qd3 Qg2+ 79.
Kc1 Qd5 80. Kb2 Qh5 81. Ka3 Qh6 82. Ka4 Qh5 83. Qc2+ Kd5 84. Kb4 Ke5 85. Qd3
{Game drawn by mutual agreement} 1/2-1/2

[Event "Team 45 45 League T55"]
[Site "Internet Chess Club"]
[Date "2012.12.21"]
[Round "6"]
[White "seikster"]
[Black "Barrett-CCSCSL"]
[Result "0-1"]
[WhiteElo "1865"]
[BlackElo "2131"]
[Opening "Giuoco Piano"]
[ECO "C50"]
[Time "16:21:16"]
[TimeControl "2700+45"]

1. e4 e5 2. Nf3 Nc6 3. Bc4 Bc5 4. O-O Nf6 5. d3 O-O 6. Bb3 d6 7. c3 Bg4 8. h3
Bh5 9. Nbd2 h6 10. Re1 Qd7 11. Nc4 b5 12. Ne3 Ne7 13. Nf1 a5 14. a4 b4 15. Be3
bxc3 16. bxc3 Bxe3 17. Nxe3 Rab8 18. Rb1 c6 19. Nc4 Qc7 20. g4 Bg6 21. Qd2 Nd7
22. Nh4 Nc5 23. Bc2 Ne6 24. Nxg6 Nxg6 25. Qe3 Ngf4 26. d4 exd4 27. cxd4 d5 28.
Ne5 c5 29. exd5 cxd4 30. Qe4 Ng5 31. Qf5 Ngxh3+ 32. Kf1 g6 33. Qe4 Rbe8 34. Bb3
Qc8 35. d6 Rxe5 36. Qxe5 Qxg4 {White resigns} 0-1

[Event "Team 45 45 League T55"]
[Site "Internet Chess Club"]
[Date "2012.12.21"]
[Round "6"]
[White "Campagnolo"]
[Black "nurmi"]
[Result "1-0"]
[WhiteElo "2073"]
[BlackElo "1912"]
[Opening "King's Indian: 5.Nf3"]
[ECO "E90"]
[Time "21:00:41"]
[TimeControl "2700+45"]

1. Nf3 g6 2. c4 Bg7 3. e4 d6 4. d4 Nf6 5. Nc3 O-O 6. h3 c5 7. Be3 cxd4 8. Nxd4
Nc6 9. Nc2 Be6 10. Qd2 Rc8 11. Rc1 Nd7 12. Be2 Nb6 13. b3 f5 14. exf5 Bxf5 15.
O-O Qd7 16. Nd4 Ne5 17. Nxf5 gxf5 18. Nb5 f4 19. Bxf4 a6 20. Nd4 Ng6 21. Bg4 Qe8
22. Be3 Nd7 23. Ne6 Rf7 24. Ng5 Rf8 25. Qd5+ Kh8 26. Qxb7 Nge5 27. Bxd7 Nxd7 28.
Qe4 Nf6 29. Qd3 Qd7 30. Rcd1 h6 31. Ne4 Nh5 32. Nc5 Rxc5 33. Bxc5 Nf4 34. Qe4
Qe8 35. Be3 Ne2+ 36. Kh1 Nc3 37. Qd3 Nxd1 38. Rxd1 Qh5 39. b4 Rg8 40. Bd4 e5 41.
Be3 Bf8 42. c5 dxc5 43. bxc5 Be7 44. Rc1 a5 45. c6 {Black resigns} 1-0

[Event "Team 45 45 League T55"]
[Site "Internet Chess Club"]
[Date "2012.12.26"]
[Round "6"]
[White "kidviper"]
[Black "TerryMalloy"]
[Result "1/2-1/2"]
[WhiteElo "1924"]
[BlackElo "2016"]
[Opening "Sicilian: Canal-Sokolsky (Nimzovich-Rossolimo, Moscow) attack"]
[ECO "B51"]
[Time "10:11:06"]
[TimeControl "2700+45"]

1. e4 c5 2. Nf3 d6 3. Bb5+ Nd7 4. O-O a6 5. Bxd7+ Qxd7 6. c3 e6 7. d4 Nf6 8. Qe2
Be7 9. Rd1 cxd4 10. cxd4 b5 11. a3 Bb7 12. Nc3 Rc8 13. d5 O-O 14. h3 exd5 15.
exd5 Rfe8 16. Be3 Qf5 17. Nd4 Qe5 18. f4 Qh5 19. Qxh5 Nxh5 20. g4 Nf6 21. Nde2
Bf8 22. Kf2 h6 23. Rd2 g6 24. Rad1 Bg7 25. Ng3 Re7 26. f5 g5 27. Bd4 Rce8 28.
Bxf6 Bxf6 29. Nh5 Bh8 30. Ne2 Bxd5 31. Neg3 Bb3 32. Rc1 Bc4 33. Rxd6 Bxb2 34.
Rc2 Be5 35. Nf6+ Bxf6 36. Rxf6 Kh7 37. Rxa6 Re1 38. Rd2 R1e7 39. Rdd6 Kg8 40.
Rxh6 Re3 41. Rh5 Bd5 42. Rxg5+ Kf8 43. f6 Rf3+ 44. Kg2 Rxa3+ 45. Rxd5 Rxa6 46.
Rxb5 Rxf6 {Game drawn by mutual agreement} 1/2-1/2

[Event "Team 45 45 League T55"]
[Site "Internet Chess Club"]
[Date "2012.12.21"]
[Round "6"]
[White "Warren"]
[Black "hariputter"]
[Result "1-0"]
[WhiteElo "2246"]
[BlackElo "2110"]
[Opening "Sicilian: Kan, 5.Nc3"]
[ECO "B43"]
[Time "23:33:00"]
[TimeControl "2700+45"]

1. e4 c5 2. Nf3 e6 3. d4 cxd4 4. Nxd4 a6 5. Nc3 Qc7 6. Bd3 Nf6 7. f4 Bc5 8. Nb3
Bb4 9. O-O O-O 10. e5 Nd5 11. Nxd5 exd5 12. Qf3 b5 13. c3 Be7 14. Qh3 g6 15. f5
Qxe5 16. Bf4 Qf6 17. Bh6 Qb6+ 18. Be3 Qd8 19. Bd4 Bf6 20. Bxf6 Qxf6 21. fxg6
Qb6+ 22. Nd4 hxg6 23. Qh6 Qd6 24. Rae1 Rd8 25. Rxf7 Kxf7 26. Qh7+ Kf8 27. Rf1+
Qf4 28. Rxf4+ Ke8 29. Qf7# {Black checkmated} 1-0